 Dungeon Crawl Stone Soup version 0.30-a0-728-gc68057be0a (webtiles) character file.

Game seed: 8582512780128823063

181 Dittersdorf the Shield-Bearer (level 5, 0/34 HPs)
             Began as a Gargoyle Fighter on Jan 31, 2023.
             Slain by a gnoll
             ... wielding a +0 spear
             ... led by a gnoll sergeant
              (8 damage)
             ... on level 5 of the Dungeon.
             The game lasted 00:01:53 (1856 turns).

Dittersdorf the Shield-Bearer (Gargoyle Fighter)    Turns: 1856, Time: 00:01:53

Health: 0/34       AC: 12    Str: 21    XL:     5   Next: 61%
Magic:  5/5        EV:  9    Int:  9    God:
Gold:   109        SH:  4    Dex:  9    Spells: 4/4 levels left

rFire   . . .      SeeInvis .    a - +0 flail
rCold   . . .      Faith    .    c - +0 buckler
rNeg    + . .      Spirit   .    b - +0 scale mail
rPois   ∞          Reflect  .    (no helmet)
rElec   +          Harm     .    (no cloak)
rCorr   .          Rampage  .    (no gloves)
Will    .....                    g - +0 pair of boots Stlth
                                 (no amulet)
HPRegen 0.25/turn                (no ring)
MPRegen 0.09/turn                (no ring)

@: mighty
A: sickness immunity, AC +4, negative energy resistance 1, electricity
resistance, torment resistance 1, petrification resistance
a: no special abilities


You were on level 5 of the Dungeon.
You visited 1 branch of the dungeon, and saw 4 of its levels.

You collected 109 gold pieces.

Inventory:

Hand Weapons
 a - a +0 flail (weapon)
Armour
 b - a +0 scale mail (worn)
 c - a +0 buckler (worn)
 g - a +0 pair of boots (worn)
Wands
 r - a wand of paralysis (3)
Scrolls
 e - 3 scrolls of identify {unknown}
 h - a scroll of poison {unknown}
 j - 2 scrolls of immolation {unknown}
 k - a scroll of silence {unknown}
 l - 2 scrolls of fear {unknown}
 o - a scroll of teleportation {unknown}
 p - a scroll of magic mapping {unknown}
Potions
 f - 2 potions of flight {unknown}
 i - a potion of mutation {unknown}
 m - 3 potions of heal wounds {unknown}
 n - a potion of lignification {unknown}
 q - a potion of brilliance {unknown}


   Skills:
 + Level 4.3 Fighting
 + Level 3.3 Maces & Flails
 + Level 4.3 Armour
 + Level 4.3 Shields


You had 4 spell levels left.
You didn't know any spells.
Your spell library contained the following spells:

 Spells                   Type           Power      Damage    Failure   Level
 Foxfire                  Conj/Fire      0%         2x1d4     80%         1
 Inner Flame              Hex/Fire       0%         N/A       99%         3
 Cause Fear               Hex            0%         N/A       100%        4
 Fireball                 Conj/Fire      0%         3d3       100%        5
 Starburst                Conj/Fire      0%         6d3       100%        6
 Discord                  Hex            0%         N/A       100%        8


Dungeon Overview and Level Annotations

Branches:
Dungeon (3/15)

Altars:
Sif Muna


Innate Abilities, Weirdness & Mutations

You are immune to sickness and miasma.
Your stone body is resilient. (AC +4)
You are immune to poison.
You resist negative energy. (rN+)
You are resistant to electric shocks. (rElec)
You are resistant to unholy torment.
You are immune to petrification.


Message History

With a horrendous wail, an alarm goes off!
A sentinel's mark forms upon you.
You hear a shout!
You hear an angry growl.
You hear a shout! x3
An ogre comes into view. It is wielding a +0 giant club.
An adder comes into view.
A gnoll comes into view. It is wielding a +0 spear.
The gnoll hits you but does no damage.
A gnoll comes into view. It is wielding a +0 whip.
Found a glass wand.
Found a scroll labelled GAXKIA TUOWI.
The sentinel's mark upon you fades away.
Found a sedimented grey potion.
You see here a wand of paralysis (3).
r - a wand of paralysis (3)
The gnoll closely misses you. The gnoll hits you but does no damage.
A gnoll sergeant comes into view. It is wielding a +0 rapier.
You block the gnoll's attack. The gnoll hits you but does no damage.
You block the gnoll sergeant's attack.
You feel very mighty all of a sudden. The gnoll hits you but does no damage.
The gnoll barely misses you.
The gnoll sergeant hits you but does no damage.
The gnoll sergeant blocks your attack.
The gnoll hits you but does no damage. x2
You block the gnoll sergeant's attack. The gnoll sergeant blocks your attack.
The gnoll hits you with a +0 whip.
The gnoll sergeant hits you with a +0 rapier!
You block the gnoll's attack.
You barely miss the gnoll sergeant. The gnoll hits you but does no damage.
The gnoll sergeant hits you with a +0 rapier.
The gnoll hits you but does no damage.
You hit the gnoll sergeant.
The gnoll sergeant is lightly wounded.
The gnoll hits you with a +0 whip.
The gnoll sergeant hits you with a +0 rapier.
The gnoll hits you from afar with a +0 spear.
The gnoll misses you.
The gnoll sergeant hits you with a +0 rapier!
* * * LOW HITPOINT WARNING * * *
The gnoll hits you from afar with a +0 spear!
You die...

....g#..O..# ..###
#......#
.......###.....#
..###...###..S###.## ..
....###.........## #
#...###...###...###.##
...###.........###......
###...###gO.###...###...
......g@g###......# #...
###...###....!....# #...
...## .........##.... .
...............
####........#..
....##..#.. . #.>...
.... ####


You could see an ogre, a gnoll sergeant and 2 gnolls.

Vanquished Creatures
  A phantom (D:5)
  2 orc wizards (D:5)
  2 adders (D:3)
  A dart slug (D:1)
  3 orcs (D:5)
  5 bats
  5 endoplasms
  A giant cockroach (D:2)
  A hobgoblin (D:3)
  2 quokkas (D:1)
  A ball python (D:1)
  A frilled lizard (D:2)
  3 goblins
  4 kobolds
  A rat (D:1)
33 creatures vanquished.

Notes
Turn   | Place    | Note
-------+----------+-------------------------------------------
     0 | D:1      | Dittersdorf the Gargoyle Fighter began the quest for the
                  | Orb.
     0 | D:1      | Reached XP level 1. HP: 14/14 MP: 1/1
   123 | D:1      | Found a faded altar of an unknown god.
   151 | D:1      | Reached XP level 2. HP: 19/19 MP: 2/2
   800 | D:2      | Found a shimmering blue altar of Sif Muna.
  1060 | D:2      | Reached XP level 3. HP: 23/23 MP: 3/3
  1626 | D:3      | You fall into a shaft and drop 2 floors!
  1626 | D:5      | Entered Level 5 of the Dungeon
  1627 | D:5      | yay!
  1644 | D:5      | Noticed a phantom
  1673 | D:5      | Killed a phantom
  1674 | D:5      | Reached XP level 4. HP: 8/29 MP: 4/4
  1674 | D:5      | Reached XP level 5. HP: 9/33 MP: 5/5
  1834 | D:5      | Noticed an ogre
  1856 | D:5      | Slain by a gnoll

Illustrated notes

.
..#+###+###
..........#
..........#
..........#
..........#
.......@..#
..........#
..........#
#######.###
#.# #.# #.#
#.#


Turn 1627 on D:5: yay!

Levels and vault maps discovered:
D:1:      onia_arrival_pentagram, layout_basic, chequers_ecumenical_altar_island
D:2:      layout_basic, basic_altar
D:3:      layout_rooms, overflow_temple_1_default, ebering_dispersal_statue_hall
D:5:      nicolae_BIG_FREAKIN_CUBE, layout_basic

Skill      XL: |  1  2  3 |
---------------+----------+-----
Fighting       | 4 |  4.3
Maces & Flails | 3 |  3.3
Armour         | 4 |  4.3
Shields        | 4 |  4.3

Action                     |  1- 3 |  4- 6 || total
---------------------------+-------+-------++-------
  Melee: Flail             |    89 |    30 ||   119
    Use: Potion            |       |     1 ||     1
 Armour: Scale mail        |    48 |    21 ||    69
  Dodge: Dodged            |    45 |    10 ||    55
  Block: Buckler           |    19 |     9 ||    28

Table legend: (Time is in decaauts)
 A = Elapsed time spent in this place.
 B = Non-inter-level travel time spent in this place.
 C = Inter-level travel time spent in this place.
 D = Time resting spent in this place.
 E = Time spent auto-exploring this place.
 F = Levels seen in this place.
 G = Mean time per level.
                   A        B        C        D        E       F      G
               +--------+--------+--------+--------+--------+-----+--------+
         Total |   1892 |   1818 |     74 |    112 |   1399 |   4 |  473.0 |
       Dungeon |   1892 |   1818 |     74 |    112 |   1399 |   4 |  473.0 |
               +--------+--------+--------+--------+--------+-----+--------+

Top non-repeatable levels by time:
     D:1: 774 daAuts
     D:2: 694 daAuts
     D:5: 243 daAuts
     D:3: 180 daAuts
